 Dungeon Crawl Stone Soup version 0.20.0-9-g8272e65 (webtiles) character file.

625 McKennaii the Slasher (level 7, -3/55 HPs)
             Began as a Demonspawn Abyssal Knight on June 3, 2017.
             Was a Believer of Lugonu.
             Slain by a two-headed ogre
             ... wielding a +0 giant club
              (16 damage)
             ... on level 5 of the Dungeon.
             The game lasted 00:08:07 (4407 turns).

McKennaii the Slasher (Demonspawn Abyssal Knight)   Turns: 4407, Time: 00:08:07

Health: -3/55      AC:  8    Str: 12    XL:     7   Next: 23%
Magic:  0/9        EV: 10    Int: 11    God:    Lugonu [**....]
Gold:   265        SH:  0    Dex: 15    Spells: 6/6 levels left

rFire    + . .     SeeInvis .   a - +1 falchion
rCold    . . .     Gourm    .   (no shield)
rNeg     . . .     Faith    .   y - +0 scale mail (curse)
rPois    .         Spirit   +   (helmet restricted)
rElec    .         Reflect  .   (no cloak)
rCorr    .         Harm     .   (no gloves)
MR       .....     Clarity  +   (no boots)
Stlth    ..........             (no amulet)
Regen    0.2/turn               e - ring of flight
MPRegen  0.3/turn               (no ring)

@: lethally poisoned (-3 -> -5)
A: horns 2, iridescent scales 1, clarity, dopey 1, fire resistance 1, powered by
death 1, magic shield, magic regeneration
a: Depart the Abyss, Bend Space, Renounce Religion, Evoke Flight


You were on level 5 of the Dungeon.
You worshipped Lugonu.
Lugonu was pleased with you.
You were not hungry.

You visited 1 branch of the dungeon, and saw 5 of its levels.
You visited the Abyss 1 time.

You collected 265 gold pieces.

Inventory:

Hand Weapons
 a - a +1 falchion (weapon)
Armour
 y - a cursed +0 scale mail (worn)
Jewellery
 e - a ring of flight (left hand)
Wands
 u - a wand of paralysis (7/24)
Scrolls
 f - 2 scrolls of magic mapping
 g - 2 scrolls of immolation
 h - a scroll of teleportation
 j - 3 scrolls of identify
 k - 2 scrolls of amnesia {unknown}
 o - 2 scrolls of remove curse
 r - a scroll of random uselessness {unknown}
 s - a scroll of enchant armour {unknown}
Potions
 i - 2 potions of brilliance
 n - a potion of agility {unknown}
 p - a potion of heal wounds {unknown}
 q - a potion of haste {unknown}
 t - a potion of degeneration {unknown}
 v - a potion of might {unknown}
Comestibles
 c - 5 bread rations
 d - 3 meat rations
 l - 6 fruits
 w - 2 royal jellies


   Skills:
 + Level 4.6 Fighting
 + Level 4.7 Long Blades
 + Level 3.1 Armour
 + Level 2.9 Dodging
 + Level 0.4 Stealth
 + Level 3.6 Invocations


You had 6 spell levels left.
You didn't know any spells.

Dungeon Overview and Level Annotations

Branches:
Dungeon (5/15)             Temple (0/1) D:4

Altars:

Annotations:
D:5 2 runed doors


Innate Abilities, Weirdness & Mutations

You have a pair of horns on your head.
You are partially covered in iridescent scales. (AC +2)
You regenerate a little health from kills.
When hurt, damage is shared between your health and your magic reserves.
You regenerate magic rapidly.
You possess an exceptional clarity of mind.
You are dopey. (Int -2)
Your flesh is heat resistant. (rF+)


Message History

You feel sick.
You feel sick.
You feel sick. Space bends around you!
You blink.
The two-headed ogre misses you.
You riposte.
You hit the two-headed ogre but do no damage.
The two-headed ogre hits you with a dire flail.
Space bends around you!
You blink.
You feel sick. Space bends around you!
You blink.
You feel sick. Space bends around you!
You blink.
Found a runed short sword.
You feel sick.
You feel sick.
You see here a runed short sword.
It was a potion of mutation.
You feel extremely strange.
Your thoughts seem clearer.
You feel stupid.
You feel resistant to heat.
All of the chunks of flesh in your inventory have rotted away.
Space bends around you!
You blink.
Space bends around you!
You blink.
The two-headed ogre hits you with a giant club!!
You die...

#### ...### #...#
#..## #...## #.....
###### #...<. ##§O@)#
#..... #..#######
##.....
#%##.#.'.##++##....##
#.# #†.#...........#
#.####.#.###.....†##
##..§†##.# ######.#
.######..# #.#
.........# #.#
##.#.###.# #.###


You could see a two-headed ogre.

Vanquished Creatures
  Sigmund (D:4)
  An ogre (D:4)
  A phantom (D:4)
  A howler monkey (D:3)
  A quasit (Abyss:1)
  An orc wizard (D:4)
  2 worker ants
  5 adders
  An adder zombie (D:5)
  An adder skeleton (D:4)
  3 worms
  4 dart slugs
  2 leopard geckos
  An orc (D:3)
  5 bats (D:1)
  7 giant cockroaches
  10 goblins
  9 hobgoblins
  6 jackals
  A quokka (D:2)
  8 frilled lizards
  7 kobolds
  8 rats
86 creatures vanquished.

Notes
Turn   | Place    | Note
-------+----------+-------------------------------------------
     0 | Abyss:1  | McKennaii the Demonspawn Abyssal Knight began the quest for the Orb.
     0 | Abyss:1  | Reached XP level 1. HP: 18/18 MP: 2/2
   109 | Abyss:1  | Noticed a quasit
   120 | Abyss:1  | Killed a quasit
   120 | Abyss:1  | Reached skill level 1 in Dodging
   120 | Abyss:1  | Gained mutation: When hurt, damage is shared between your health and your magic reserves. [demonic ancestry]
   120 | Abyss:1  | Reached XP level 2. HP: 7/24 MP: 4/4
   120 | Abyss:1  | Gained mutation: You regenerate magic rapidly. [demonic ancestry]
   120 | Abyss:1  | Reached XP level 3. HP: 8/29 MP: 5/5
   130 | Abyss:1  | Noticed a worldbinder
   131 | Abyss:1  | Noticed a jumping spider
   131 | D:1      | Escaped the Abyss
   440 | D:1      | Reached * piety under Lugonu
  1199 | D:1      | Gained mutation: You are partially covered in iridescent scales. (AC +2) [demonic ancestry]
  1199 | D:1      | Reached XP level 4. HP: 34/37 MP: 6/6
  2547 | D:3      | Reached ** piety under Lugonu
  2625 | D:3      | Gained mutation: You have a pair of small horns on your head. [demonic ancestry]
  2625 | D:3      | Reached XP level 5. HP: 24/42 MP: 4/7
  3101 | D:4      | Found a staircase to the Ecumenical Temple.
  3101 | D:4      | Noticed a phantom
  3387 | D:4      | Killed a phantom
  3387 | D:4      | Gained mutation: You regenerate a little health from kills. [demonic ancestry]
  3387 | D:4      | Reached XP level 6. HP: 27/49 MP: 6/8
  3483 | D:4      | Noticed Sigmund
  3493 | D:4      | Killed Sigmund
  4175 | D:4      | Gained mutation: You have a pair of horns on your head. [demonic ancestry]
  4175 | D:4      | Reached XP level 7. HP: 28/55 MP: 4/9
  4312 | D:5      | Entered Level 5 of the Dungeon
  4316 | D:5      | Found a large runed door.
  4316 | D:5      | Found a large runed door.
  4391 | D:5      | Noticed a two-headed ogre
  4405 | D:5      | Gained mutation: You possess an exceptional clarity of mind. [potion of mutation]
  4405 | D:5      | Gained mutation: You are dopey. (Int -2) [potion of mutation]
  4405 | D:5      | Gained mutation: Your flesh is heat resistant. (rF+) [potion of mutation]
  4407 | D:5      | Slain by a two-headed ogre

Skill      XL: |  1  2  3  4  5  6 |
---------------+-------------------+-----
Long Blades    | 2 3 4 |  4.7
Armour         | 2 3 |  3.1
Dodging        | 1 2 |  2.9
Invocations    | 3 |  3.6
Fighting       | 4 |  4.6
Stealth        | |  0.4

Action                   |  1- 3 |  4- 6 |  7- 9 || total
-------------------------+-------+-------+-------++-------
Melee: Falchion          |    86 |   230 |    24 ||   340
       Headbutt          |       |    24 |     6 ||    30
Invok: Depart the Abyss  |     1 |       |       ||     1
       Bend Space        |       |     2 |     6 ||     8
  Use: Scroll            |       |     5 |       ||     5
       Potion            |       |       |     1 ||     1
 Stab: Sleeping          |       |     2 |       ||     2
  Eat: Chunk             |     1 |     8 |     2 ||    11
       Fruit             |       |     1 |       ||     1
Armor: Leather armour    |    36 |    66 |     4 ||   106
       Scale mail        |       |       |     4 ||     4
Dodge: Dodged            |    69 |   154 |    12 ||   235
       Rpst.: Falchion   |    18 |    52 |     4 ||    74
